 Dungeon Crawl Stone Soup version 0.30.2 (webtiles) character file.

Game seed: 5817567038057173029

101136 porpoise the Marksminotaur (level 15, -4/130 HPs)
             Began as a Minotaur Hunter on Jan 21, 2024.
             Was a High Priest of Hepliaklqana.
             Slain by an anaconda (9 damage)
             ... on level 3 of the Lair of Beasts.
             The game lasted 01:21:59 (26312 turns).

porpoise the Marksminotaur (Minotaur Hunter)       Turns: 26312, Time: 01:22:08

Health: -4/130     AC: 18    Str: 21    XL:     15   Next: 82%
Magic:  21/21      EV: 18    Int:  6    God:    Hepliaklqana [*****.]
Gold:   1983       SH:  0    Dex: 26    Spells: 14/14 levels left

rFire   . . .        a - +2 longbow (elec)
rCold   . . .        (shield currently unavailable)
rNeg    + . .        k - +2 scale mail {Will+}
rPois   +            T - +1 hat
rElec   .            y - +0 cloak
rCorr   +            x - +1 pair of gloves
SInv    .            D - +0 pair of boots
Will    ++...        (no amulet)
Stlth   +            c - ring "Umounlan" {rPois rN+ rCorr Str+4 Slay+2}
HPRegen 0.41/turn    p - +6 ring of dexterity
MPRegen 0.17/turn

%: no passive effects
@: constricted
A: reduced essence, horns 2, retaliatory headbutt
a: Renounce Religion, Recall Ancestor, Ancestor Identity, Transference, Idealise


You were on level 3 of the Lair of Beasts.
You worshipped Hepliaklqana.
Hepliaklqana was extremely pleased with you.
You visited 5 branches of the dungeon, and saw 24 of its levels.
You also visited: Sewer and Volcano.

You collected 3273 gold pieces.
You spent 1290 gold pieces at shops.

Inventory:

Hand Weapons
 a - a +2 longbow of electrocution (weapon)
 b - a +2 dagger of venom
Missiles
 P - 5 curare-tipped darts
Armour
 k - a +2 scale mail of willpower (worn)
 x - a +1 pair of gloves (worn)
 y - a +0 cloak (worn)
 D - a +0 pair of boots (worn)
 T - a +1 hat (worn)
Jewellery
 c - the ring "Umounlan" (left hand) {rPois rN+ rCorr Str+4 Slay+2}
   (You found it on level 3 of the Dungeon)

   [ring of resist corrosion]

   Str:       It affects your strength (+4).
   Slay:      It affects your accuracy & damage with ranged weapons and melee
   (+2).
   rPois:     It protects you from poison.
   rN:        It protects you from negative energy.
   rCorr:     It protects you from acid and corrosion.
 h - a ring of ice
 p - a +6 ring of dexterity (right hand)
 t - a ring of see invisible
 v - a ring of fire
Wands
 f - a wand of digging (9)
 n - a wand of roots (6)
 s - a wand of polymorph (14)
 I - a wand of mindburst (39)
 K - a wand of flame (5)
 O - a wand of light (5)
 V - a wand of charming (5)
Scrolls
 d - 2 scrolls of blinking
 e - 5 scrolls of fog
 j - 6 scrolls of poison
 m - 4 scrolls of fear
 w - 7 scrolls of teleportation
 A - 2 scrolls of silence
 B - a scroll of butterflies
 H - a scroll of vulnerability
 J - 2 scrolls of magic mapping
 W - a scroll of identify
Potions
 g - 2 potions of might
 i - 3 potions of cancellation
 o - 10 potions of curing
 z - 3 potions of heal wounds
 E - 2 potions of ambrosia
 G - 2 potions of attraction
 L - a potion of berserk rage
 N - a potion of invisibility
 Q - 2 potions of haste
 S - 2 potions of lignification
Miscellaneous
 r - a phantom mirror
 u - a box of beasts
 R - a phial of floods


   Skills:
 + Level 16.5 Fighting
 - Level 18.0 Ranged Weapons
 + Level 12.7 Armour
 + Level 12.6 Dodging
 - Level 0.7 Stealth
 - Level 10.0 Invocations
 - Level 7.0 Evocations


You had 14 spell levels left.
You didn't know any spells.
Your spell library contained the following spells:

 Spells                   Type           Power      Damage    Failure   Level
 Apportation              Tloc           0%         N/A       71%         1
 Kiss of Death            Conj/Necr      0%         2d5       71%         1
 Necrotise                Necr           0%         1d4       71%         1
 Sandblast                Erth           0%         2d4       71%         1
 Slow                     Hex            0%         N/A       71%         1
 Summon Small Mammal      Summ           0%         N/A       71%         1
 Passwall                 Tmut/Erth      0%         N/A       85%         2
 Static Discharge         Conj/Air       0%         2-2/arc   85%         2
 Sublimation of Blood     Necr           0%         N/A       85%         2
 Confusing Touch          Hex            0%         N/A       97%         3
 Stone Arrow              Conj/Erth      0%         3d7       97%         3
 Tukima's Dance           Hex            0%         N/A       97%         3
 Vampiric Draining        Necr           0%         2d6       97%         3
 Airstrike                Air            0%         2d(0-16)  100%        4
 Animate Armour           Summ/Erth      0%         N/A       100%        4
 Dispel Undead            Necr           0%         3d6       100%        4
 Passage of Golubria      Tloc           0%         N/A       100%        4
 Petrify                  Tmut/Erth      0%         N/A       100%        4
 Summon Lightning Spire   Summ/Air       0%         N/A       100%        4
 Irradiate                Conj/Tmut      0%         3d11      100%        5
 Yara's Violent Unravell  Hex/Tmut       0%         3d3       100%        5
 Lehudib's Crystal Spear  Conj/Erth      0%         10d2      100%        8


Dungeon Overview and Level Annotations

Branches:
Dungeon (15/15)            Temple (1/1) D:4            Lair (5/5) D:11
 Shoals (0/4) Lair:2        Snake (1/4) Lair:3        Slime (0/5) Lair:5
    Orc (2/2) D:11            Elf (0/3) Orc:2        Vaults (0/5) D:13
 Depths (0/4) D:15          Sewer (visited)         Volcano (visited)

Altars:
Ashenzari
Dithmenos
Elyvilon
Fedhas
Gozag
Hepliaklqana
Nemelex Xobeh
Okawaru
Qazlal
Ru
Sif Muna
Uskayaw
Vehumet
Wu Jian
Xom
Jiyva

Shops:
D:6 (   D:10 [   D:13 :   Orc:2 :[(*?

Annotations:
D:9 2 transporters, exclusion: obsidian statue
Lair:5 Not finished
Orc:1 3 runed translucent doors, StoneDemon's ghost, novice DsEE


Innate Abilities, Weirdness & Mutations

Your life essence is reduced to manifest your ancestor. (-10% HP)
You have a pair of horns on your head.
You reflexively headbutt those who attack you in melee.


Message History

The bolt of electricity misses you.
The guardian serpent closely misses you.
You climb upwards.
Welcome back to the Lair of Beasts!
You feel sick.
There is a staircase to the Snake Pit here.
Blink to where?
Press: ? - help, Dir - move target
As you read the scroll of blinking, it crumbles to dust.
You feel sick.
Nikki hits the guardian serpent with a +0 broad axe of flaming!
Nikki burns the guardian serpent.
Nikki hits the naga mage with a +0 broad axe of flaming.
Nikki burns the naga mage.
You feel sick.
Nikki hits the guardian serpent with a +0 broad axe of flaming.
Nikki burns the guardian serpent.
Nikki barely misses something.
Nikki barely misses the naga mage.
You feel sick.
You are no longer poisoned.
The guardian serpent coils itself and waves its upper body at you.
The anaconda blinks into view!
The naga mage blinks into view!
The naga mage attacks as you move away! The naga mage misses you. x2
The naga mage no longer looks unusually toxic.
The naga mage completely misses you. The naga mage spits poison at you.
The splash of poison hits you but does no damage.
You resist. The anaconda attacks as you move away!
The anaconda barely misses you. The anaconda completely misses you.
The anaconda closely misses you. The anaconda completely misses you. x2
The anaconda grabs you.
The anaconda bites you but does no damage.
The anaconda constricts you.
The anaconda's grasp on you weakens, but your attempt to escape fails.
The naga mage hits you but does no damage.
The anaconda closely misses you. The anaconda constricts you.
* * * LOW HITPOINT WARNING * * *
The naga mage hits you from afar with a +0 spear.
* * * LOW HITPOINT WARNING * * *
The anaconda bites you!
You die...

...#####...###..##...#
..###.####<##.......####
..P###...>.#.#..##..#..####
.......................##.##
...........##P.............#
#.................<....###.#
.#.P....###...#..#.##.####.####
..###.### #.###...#####..~.P~~##
....#..####.###.@..# #~~....P.≈#
..##...#..#...#.S.## #♣~♣♣.♣♣.♣##
................N#####♣.♣R..♣.♣##
...⌠#.###.#.#P..S#.#....SN§......
......#.....##.#.....#~.♣).S♣~~#.
...##.......####...###~P♣♣)♣♣~.#.
..##..##.#######...###~♣.~)P~≈P#.
.########### #P...#.###≈....P.##.
...###.###P####...P.# ####.####..


You could see an anaconda, a guardian serpent and a naga mage (fast).

Vanquished Creatures
  Saint Roka (Orc:2)
  Rupert (D:12)
  Nessos (Orc:2)
  The ghost of dchavez06 the Severer, a journeyman HOMo of the Shining One (Orc:2)
  2 ettins (Orc:2)
  Snorg (D:11)
  A fire dragon (Lair:5)
  2 vault guards (D:13)
  An ogre mage (D:15)
  4 hydras
  A boulder beetle (D:14)
  11 death yaks
  4 tengu warriors
  19 two-headed ogres
  Sonja (D:10)
  8 skeletal warriors
  A skyshark (Lair:4)
  A fire crab (Lair:5)
  A wizard (D:14)
  3 orc knights
  4 orc sorcerers
  A manticore (D:15)
  3 harpies (Lair:2)
  An ugly thing (D:12)
  7 elephants (Lair:5)
  11 cyclopes
  3 black mambas
  2 torpor snails
  A cane toad (shapeshifter) (D:10)
  5 cane toads
  2 molten gargoyles (Lair:5)
  A yaktaur (shapeshifter) (D:14)
  An efreet (D:13)
  A kobold demonologist (D:10)
  4 rime drakes
  2 tengu conjurers
  3 yaktaurs (D:13)
  13 komodo dragons
  8 trolls
  2 polar bears (Lair:5)
  3 meliai (D:14)
  3 blink frogs (Lair:4)
  Grinder (D:4)
  2 slime creatures (Lair:5)
  A vampire (D:10)
  4 shadows
  A human (D:13)
  3 fire bats (Volcano)
  5 wyverns
  30 yaks
  7 basilisks
  5 vampire mosquitoes (D:12)
  3 steam dragons
  3 wargs
  Edmund (D:3)
  3 acid dragons
  4 nagas
  5 water moccasins
  4 hell hounds (Lair:5)
  Pargi (Sewer)
  16 orc warriors
  A sky beast (D:6)
  2 black bears
  7 wolves (Lair:4)
  8 ogres
  A boggart (D:10)
  6 centaurs
  A phantom (D:5)
  Blork the orc (D:5)
  4 kobold brigands
  12 bullfrogs
  8 wights
  2 electric eels (D:6)
  7 howler monkeys
  4 lava snakes (Lair:5)
  3 crimson imps (D:3)
  3 hounds
  15 orc priests
  6 jellies
  A gnoll bouda (D:9)
  A sleepcap (D:6)
  3 iguanas
  15 orc wizards
  9 hell rats
  6 ogre zombies (D:11)
  13 gnolls
  7 adders
  10 river rats
  2 white imps (D:7)
  An ufetubus (D:5)
  2 worms (D:2)
  2 dart slugs (D:1)
  39 orcs
  9 ball pythons
  A bat (D:1)
  An endoplasm (D:2)
  3 giant cockroaches
  3 goblins
  4 hobgoblins
  3 jackals (D:1)
  6 kobolds
  6 quokkas
  10 frilled lizards
  3 goblin zombies (D:11)
  A hobgoblin skeleton (D:11)
  A hobgoblin zombie (D:11)
  An orc skeleton (D:11)
  15 orc zombies (D:11)
  6 rats
520 creatures vanquished.

Vanquished Creatures (collateral kills)
  Frances (D:13)
  2 stone giants
  An ettin (Orc:2)
  A vault guard (D:13)
  A centaur warrior (D:15)
  A two-headed ogre (Orc:2)
  2 boulder beetles
  A tengu warrior (D:10)
  4 skeletal warriors (D:12)
  An orc knight (Orc:2)
  A salamander (Volcano)
  4 cyclopes
  2 elephants (Lair:5)
  A molten gargoyle (Lair:5)
  A torpor snail (Lair:1)
  A yaktaur (D:13)
  3 cane toads
  A rime drake (Lair:5)
  2 komodo dragons (Lair:5)
  A polar bear (Lair:1)
  A troll (D:12)
  2 blink frogs (Lair:4)
  A slime creature (Lair:5)
  A shadow (D:11)
  9 yaks
  A wyvern (D:7)
  A basilisk (Lair:5)
  2 fire bats (Volcano)
  A human (D:13)
  A golden eye (shapeshifter) (D:15)
  A vampire mosquito (D:12)
  A warg (Orc:2)
  A two-headed ogre zombie (D:11)
  4 nagas
  A hell hound (Lair:5)
  A water moccasin (Lair:1)
  5 orc warriors
  A black bear (D:7)
  An ogre (Orc:1)
  2 wolves (Lair:4)
  3 centaurs
  2 bullfrogs
  2 wights (D:7)
  A lava snake (Lair:5)
  An orc priest (Orc:2)
  2 orc wizards (Orc:2)
  An ogre zombie (D:11)
  7 gnolls
  A river rat (Lair:3)
  14 orcs
  4 kobolds
  A hobgoblin skeleton (D:11)
  A hobgoblin zombie (D:11)
  2 orc zombies (D:11)
112 creatures vanquished.

Vanquished Creatures (others)
  11 knights
11 creatures vanquished.

Grand Total: 643 creatures vanquished

Notes
Turn   | Place    | Note
-------+----------+-------------------------------------------
     0 | D:1      | porpoise the Minotaur Hunter began the quest for the Orb.
     0 | D:1      | Reached XP level 1. HP: 18/18 MP: 0/0
   121 | D:1      | Reached XP level 2. HP: 25/25 MP: 1/1
   365 | D:1      | Reached skill level 5 in Ranged Weapons
   932 | D:2      | Reached XP level 3. HP: 17/31 MP: 2/2
  1469 | D:2      | Reached skill level 1 in Armour
  1935 | D:3      | Identified the ring "Umounlan" {rPois rN+ rCorr Str+4
                  | Slay+2}
  2104 | D:3      | Found a shimmering altar of Xom.
  2112 | D:3      | Reached XP level 4. HP: 39/39 MP: 3/3
  2160 | D:3      | Reached skill level 6 in Ranged Weapons
  2199 | D:3      | Reached XP level 5. HP: 46/46 MP: 4/4
  2432 | D:4      | Noticed Edmund
  2440 | D:3      | Killed Edmund
  2441 | D:3      | Reached XP level 6. HP: 38/53 MP: 5/5
  2738 | D:4      | Noticed Grinder
  2744 | D:4      | Paralysed by Grinder for 5 turns
  2752 | D:4      | Paralysed by Grinder for 3 turns
  2757 | D:4      | Paralysed by Grinder for 4 turns
  2765 | D:4      | Killed Grinder
  2766 | D:4      | Reached skill level 5 in Fighting
  2766 | D:4      | Reached skill level 7 in Ranged Weapons
  2766 | D:4      | Reached XP level 7. HP: 41/61 MP: 6/6
  3040 | D:4      | Found a staircase to the Ecumenical Temple.
  3046 | Temple   | Entered the Ecumenical Temple
  3081 | Temple   | Became a worshipper of Hepliaklqana the Forgotten
  3381 | D:5      | Entered Level 5 of the Dungeon
  3418 | D:5      | Found a glowing drain.
  3422 | Sewer    | Entered a sewer
  3463 | Sewer    | Noticed Pargi
  3478 | Sewer    | Killed Pargi
  3676 | D:5      | Reached skill level 8 in Ranged Weapons
  4087 | D:5      | Noticed Blork the orc
  4092 | D:5      | Killed Blork the orc
  4093 | D:5      | Reached skill level 5 in Armour
  4093 | D:5      | Reached XP level 8. HP: 52/70 MP: 7/7
  4165 | D:5      | Reached * piety under Hepliaklqana
  4308 | D:5      | Reached skill level 9 in Ranged Weapons
  4701 | D:6      | Reached skill level 10 in Ranged Weapons
  4800 | D:6      | Found a sacrificial altar of Ru.
  5019 | D:6      | Found Jaff's Antique Weapon Boutique.
  5039 | D:6      | Found a hide-covered altar of Uskayaw.
  5339 | D:7      | Reached XP level 9. HP: 72/72 MP: 8/8
  5355 | D:7      | Found an ornate altar of the Wu Jian Council.
  5362 | D:7      | Found a stormy altar of Qazlal.
  5363 | D:7      | Found an opulent altar of Gozag.
  5364 | D:7      | Found a broken altar of Ashenzari.
  5369 | D:7      | Found a shimmering blue altar of Sif Muna.
  5397 | D:7      | Reached ** piety under Hepliaklqana
  5398 | D:7      | Remembered your ancestor Nikki as a knight
  5412 | D:7      | Reached skill level 11 in Ranged Weapons
  5627 | D:7      | Noticed a troll
  5632 | D:7      | Killed a troll
  5633 | D:7      | Reached skill level 12 in Ranged Weapons
  5931 | D:7      | Reached skill level 1 in Invocations
  6061 | D:7      | Found a blossoming altar of Fedhas.
  6371 | D:8      | Found a shadowy altar of Dithmenos.
  6499 | D:8      | Reached XP level 10. HP: 81/81 MP: 10/10
  6736 | D:8      | Reached *** piety under Hepliaklqana
  7167 | D:8      | Found a radiant altar of Vehumet.
  7472 | D:9      | Noticed a centaur warrior
  7561 | D:9      | Reached skill level 13 in Ranged Weapons
  7832 | D:9      | Noticed a purple very ugly thing
  7833 | D:9      | Found a transporter.
  7833 | D:9      | Noticed an obsidian statue
  7846 | D:9      | Noticed a cyclops
  7850 | D:9      | Noticed a deep elf pyromancer
  7853 | D:9      | a blink frog changed into a mana viper
  7853 | D:9      | Noticed a mana viper (shapeshifter)
  7855 | D:9      | Found a transporter.
  8099 | D:10     | Entered Level 10 of the Dungeon
  8130 | D:10     | Found Isteyrgh's Armour Shop.
  8163 | D:10     | Reached **** piety under Hepliaklqana
  8261 | D:10     | Noticed a two-headed ogre
  8278 | D:10     | Killed a two-headed ogre
  8279 | D:10     | Reached skill level 5 in Dodging
  8461 | D:10     | Noticed a two-headed ogre
  8465 | D:10     | Killed a two-headed ogre
  8466 | D:10     | Reached skill level 14 in Ranged Weapons
  8466 | D:10     | Reached skill level 5 in Invocations
  8536 | D:10     | Noticed an orange demon
  8539 | D:10     | Noticed a tengu warrior
  8559 | D:10     | Killed a tengu warrior
  8560 | D:10     | Reached skill level 1 in Evocations
  8562 | D:10     | Reached XP level 11. HP: 35/87 MP: 13/13
  8798 | D:10     | Noticed a boulder beetle
  8810 | D:10     | Killed a boulder beetle
  8900 | D:10     | Noticed Sonja
  8908 | D:10     | Killed Sonja
  9108 | D:11     | Noticed Snorg
  9127 | D:11     | Killed Snorg
  9184 | D:11     | Reached skill level 10 in Fighting
  9288 | D:11     | Found a staircase to the Lair.
  9787 | D:10     | Noticed a skeletal warrior
  9922 | D:11     | Found a staircase to the Orcish Mines.
 10221 | Lair:1   | Entered Level 1 of the Lair of Beasts
 10261 | Lair:1   | Reached skill level 5 in Evocations
 10405 | Lair:1   | Found a dark tunnel.
 10466 | Lair:1   | Reached XP level 12. HP: 32/99 MP: 15/15
 10664 | Volcano  | Entered a volcano
 10746 | Volcano  | Noticed a two-headed ogre
 10755 | Volcano  | Killed a two-headed ogre
 10977 | Volcano  | Noticed a two-headed ogre
 10984 | Volcano  | Killed a two-headed ogre
 12344 | Lair:2   | Reached ***** piety under Hepliaklqana
 12389 | Lair:2   | Found a staircase to the Shoals.
 12530 | Lair:2   | Noticed a death yak
 12531 | Lair:2   | Noticed a death yak
 12532 | Lair:2   | Noticed a death yak
 12535 | Lair:2   | Noticed a death yak
 12536 | Lair:2   | Noticed a death yak
 12537 | Lair:2   | Killed a death yak
 12543 | Lair:2   | Killed a death yak
 12550 | Lair:2   | Killed a death yak
 12553 | Lair:2   | Killed a death yak
 12566 | Lair:2   | Killed a death yak
 13270 | Lair:3   | Noticed a six-headed hydra
 13275 | Lair:3   | Killed a six-headed hydra
 13276 | Lair:3   | Reached XP level 13. HP: 111/111 MP: 17/17
 13422 | Lair:3   | Found a staircase to the Snake Pit.
 14133 | Lair:4   | You fall into a shaft and drop 1 floor!
 14133 | Lair:5   | Entered Level 5 of the Lair of Beasts
 14133 | Lair:5   | Found a viscous altar of Jiyva.
 14133 | Lair:5   | Found a staircase to the Slime Pits.
 14358 | Lair:4   | Reached skill level 15 in Ranged Weapons
 14673 | Lair:4   | Reached skill level 16 in Ranged Weapons
 15428 | D:12     | Noticed Rupert
 15429 | D:12     | Paralysed by Rupert for 5 turns
 15448 | D:12     | Killed Rupert
 15540 | D:12     | Reached skill level 17 in Ranged Weapons
 15959 | D:12     | Reached XP level 14. HP: 118/118 MP: 19/19
 16652 | D:12     | Reached skill level 10 in Armour
 17082 | D:13     | Found a gate to the Vaults.
 17385 | D:13     | Found Vehov's Tremendous Tomes.
 17782 | D:13     | Noticed Frances
 17791 | D:13     | Killed Frances
 18301 | D:14     | Identified the +0 scale mail of the Ancient Beds {*Corrode
                  | Regen+ Int+6}
 18375 | D:14     | Identified a scroll of acquirement
 18376 | D:14     | Acquired 1036 gold pieces
 18985 | D:15     | Entered Level 15 of the Dungeon
 19318 | D:15     | Reached skill level 18 in Ranged Weapons
 20007 | D:15     | Found a broken altar of Ashenzari.
 20176 | D:15     | Found a staircase to the Depths.
 20176 | D:15     | Noticed a stone giant
 20671 | D:15     | Killed a stone giant
 21316 | Orc:1    | Entered Level 1 of the Orcish Mines
 21981 | Orc:1    | Found a runed translucent gate.
 21982 | Orc:1    | Found a runed translucent gate.
 21983 | Orc:1    | Found a runed translucent gate.
 22000 | Orc:1    | Identified the +10 sling "Apneotou" {flame, rPois Int+4
                  | Dex-3}
 22004 | Orc:1    | Noticed StoneDemon's ghost (novice DsEE)
 22153 | Orc:2    | Entered Level 2 of the Orcish Mines
 22156 | Orc:2    | Reached XP level 15. HP: 125/125 MP: 21/21
 22167 | Orc:2    | Found a staircase to the Elven Halls.
 22206 | Orc:2    | Found Dietuif's General Store.
 22216 | Orc:2    | Reached skill level 10 in Dodging
 22425 | Orc:2    | Bought a potion of curing for 42 gold pieces
 22425 | Orc:2    | Bought a potion of flight for 42 gold pieces
 22441 | Orc:2    | Identified the +6 dire flail "Beetleslayer" {freeze, rC-
                  | Will+ Str+3 SInv}
 22443 | Orc:2    | Noticed dchavez06's ghost (journeyman HOMo)
 22456 | Orc:2    | Reached skill level 10 in Invocations
 22498 | Orc:2    | Found a transporter.
 22501 | Orc:2    | Found a transporter.
 22530 | Orc:2    | Reached skill level 15 in Fighting
 22539 | Orc:2    | Noticed Saint Roka
 22557 | Orc:2    | Found Ixki's Antique Weapon Emporium.
 22573 | Orc:2    | Killed Saint Roka
 22940 | Orc:2    | Found Unyu's Antique Armour Emporium.
 22950 | Orc:2    | Noticed Nessos
 22954 | Orc:2    | Killed Nessos
 22957 | Orc:2    | Found a shimmering altar of Xom.
 22973 | Orc:2    | Found Tekir's Book Emporium.
 23325 | Orc:2    | Found Isiloxaf's Magic Scroll Emporium.
 23328 | Orc:2    | Bought a scroll of teleportation for 30 gold pieces
 23328 | Orc:2    | Bought a scroll of vulnerability for 40 gold pieces
 23328 | Orc:2    | Bought a scroll of teleportation for 30 gold pieces
 23328 | Orc:2    | Bought a scroll of blinking for 75 gold pieces
 23328 | Orc:2    | Bought a scroll of brand weapon for 95 gold pieces
 23328 | Orc:2    | Bought a scroll of fog for 40 gold pieces
 23328 | Orc:2    | Bought a scroll of teleportation for 30 gold pieces
 23328 | Orc:2    | Bought a scroll of fear for 40 gold pieces
 23395 | Orc:2    | Bought a glowing longbow for 266 gold pieces
 23432 | Orc:2    | Bought a phial of floods for 560 gold pieces
 23491 | Orc:2    | Killed dchavez06's ghost
 25830 | Lair:5   | Found a large runed translucent door.
 25831 | Lair:5   | Found a large runed translucent door.
 26291 | Snake:1  | Entered Level 1 of the Snake Pit
 26312 | Lair:3   | HP: 5/130 [naga mage/+0 spear (6)]
 26312 | Lair:3   | Slain by an anaconda

Illustrated notes

Levels and vault maps discovered:
D:1:      sevenhm_arrival_forest_fort_small_4, layout_basic, minivault_11,
          st_stairs_7, nicolae_concentric_dashed_squares_wild
D:2:      layout_rooms
D:3:      layout_loops_corners, led_xom_imps, serial_bayou_pond_c
D:4:      layout_rooms, minmay_temple_entry_enclosed_plants, uniq_edmund,
          uniq_grinder
D:5:      layout_loops_cross, gup_sewer_entry_bowl, uniq_blork_the_orc
D:6:      layout_basic, nicolae_ru_path_of_blood, nicolae_uskayaw_dance_studio,
          serial_shops, kennysheep_mini_moat, serial_bayou_lagoon_b
D:7:      layout_gridville, lemuel_round_altar, grunt_temple_overflow_open,
          minmay_starry_boxes
D:8:      layout_basic, nicolae_dithmenos_through_a_glass_darkly,
          lemuel_coloured_pillars_altar, hangedman_decor_diamond_cutter,
          minmay_misc_feat_rugged
D:9:      gammafunk_sealed_arena, layout_basic
D:10:     minmay_diamond_stairs, layout_irregular_city, serial_shops,
          shop_fountains, minmay_misc_feat_doors, grunt_ministairs_7, uniq_sonja
D:11:     layout_small_grid, lair_entry_dummy, zombieorc2_lemuel, uniq_snorg
D:12:     layout_cave_pods, uniq_rupert
D:13:     layout_basic, grunt_vaults_entry_fortified,
          nicolae_shop_i_like_big_books, uniq_frances
D:14:     layout_long_grid, amcnicky_mini_pool_small, nicolae_two_hexagons,
          eino_small_chamber_without_monster
D:15:     grunt_enter_depths_snipers, layout_basic, evilmike_ruin_ashenzari
Temple:   bh_familiar_temple
Lair:1:   layout_concentric_octagons, nicolae_volcano_entry_two_sided,
          fungi_pond_lemuel
Lair:2:   layout_chaotic_city, nicolae_shoals_entry_roost
Lair:3:   layout_loops_ring, guppyfry_snake_entry_garden,
          grunt_forest_small_clearings, kennysheep_rathole, grunt_megastairs_5,
          lemuel_fruit_tree
Lair:4:   layout_hall_layers
Lair:5:   cheibrodos_lair_end_hotspot, layout_loops_ring,
          minmay_slime_entry_pillars
Snake:1:  layout_cave_pods, serial_bayou_lake_a, grunt_megastairs_1
Orc:1:    layout_caves, biasface_ghost_orc_armoury
Orc:2:    grunt_orc_gardens, layout_diamond_mine, grunt_orc_garden,
          grunt_orc_garden, grunt_orc_garden, grunt_orc_garden,
          gammafunk_ghost_smash, basic_altar, serial_shops,
          nicolae_shop_rolled_up, uniq_nessos, uniq_saint_roka

Skill      XL: |  1  2  3  4  5  6  7  8  9 10 11 12 13 14 15 |
---------------+----------------------------------------------+-----
Ranged Weapons | 5 6 7 8 10 12 14 17 18 | 18.0
Fighting       | 3 4 5 6 8 9 11 14 16 | 16.5
Armour         | 1 2 3 5 7 9 12 | 12.7
Invocations    | 2 5 6 7 9 10 | 10.0
Dodging        | 3 6 7 8 9 12 | 12.6
Evocations     | 1 5 7 |  7.0
Stealth        | |  0.7

Action                     |  1- 3 |  4- 6 |  7- 9 | 10-12 | 13-15 || total
---------------------------+-------+-------+-------+-------+-------++-------
  Melee: Dagger            |       |       |       |     5 |     1 ||     6
         Headbutt          |       |       |       |       |     1 ||     1
   Fire: Shortbow          |   127 |    59 |   286 |   402 |       ||   874
         Longbow           |       |       |       |   155 |   973 ||  1128
  Throw: Dart              |       |       |       |       |     4 ||     4
 Invoke: Ancestor Identity |       |       |     1 |       |       ||     1
         Ancestor Life: Kn |       |       |     1 |       |       ||     1
         Recall Ancestor   |       |       |       |     1 |     2 ||     3
         Idealise          |       |       |       |     1 |    13 ||    14
    Use: Scroll            |     4 |     2 |     8 |    10 |    15 ||    39
         Potion            |       |       |       |       |     5 ||     5
 Armour: Leather armour    |     4 |       |       |       |       ||     4
         Ring mail         |    10 |     3 |    18 |     1 |       ||    32
         Acid dragon scale |       |       |       |    53 |    16 ||    69
         Steam dragon scal |       |       |       |     2 |       ||     2
         Scale mail        |       |       |       |       |    67 ||    67
  Dodge: Dodged            |    24 |     6 |    53 |   129 |   229 ||   441
